 Dungeon Crawl Stone Soup version 0.31-a0-177-g4aa6249778 (webtiles) character file.

Game seed: 426890673855774783

142 Moral the Shooter (level 5, -1/36 HPs)
             Began as an Octopode Hunter on June 19, 2023.
             Slain by a quokka (4 damage)
             ... on level 3 of the Dungeon.
             The game lasted 00:02:43 (1781 turns).

Moral the Shooter (Octopode Hunter)                 Turns: 1781, Time: 00:02:44

Health: -1/36      AC:  1    Str: 10    XL:     5   Next: 25%
Magic:  0/5        EV: 14    Int: 11    God:
Gold:   129        SH:  0    Dex: 18    Spells: 4/4 levels left

rFire   . . .        a - +0 shortbow (drain)
rCold   . . .        (shield currently unavailable)
rNeg    . . .        (helmet restricted)
rPois   .            k - amulet of guardian spirit
rElec   .            (no ring)
rCorr   .            (no ring)
SInv    .            (no ring)
Will    .....        (no ring)
Stlth   ++++         (no ring)
HPRegen 0.26/turn    (no ring)
MPRegen 0.09/turn    (no ring)
                     (no ring)

%: guardian spirit
@: weak-willed
A: almost no armour, amphibious, 8 rings, camouflage 1, gelatinous body 1,
(nimble swimmer 1), tentacles
a: no special abilities


You were on level 3 of the Dungeon.
You visited 1 branch of the dungeon, and saw 3 of its levels.

You collected 129 gold pieces.

Inventory:

Hand Weapons
 a - a +0 shortbow of draining (weapon)
Jewellery
 k - an amulet of guardian spirit (around mantle)
Scrolls
 f - a scroll of identify {unknown}
 l - a scroll of amnesia {unknown}
Potions
 e - a potion of berserk rage {unknown}
 h - a potion of heal wounds {unknown}
 i - 2 potions of haste {unknown}
 j - a potion of curing {unknown}


   Skills:
 * Level 3.5 Fighting
 + Level 4.4 Ranged Weapons
 + Level 2.7 Dodging
 * Level 4.2 Stealth


You had 4 spell levels left.
You didn't know any spells.
Your spell library contained the following spells:

 Spells                   Type           Power      Damage    Failure   Level
 Summon Small Mammal      Summ           0%         N/A       34%         1
 Call Canine Familiar     Summ           0%         N/A       71%         3
 Dazzling Flash           Conj/Hex       0%         N/A       71%         3
 Summon Guardian Golem    Hex/Summ       0%         N/A       71%         3
 Volatile Blastmotes      Fire/Tloc      0%         2d10      71%         3
 Iskenderun's Mystic Bla  Conj/Tloc      0%         2d3       98%         4
 Starburst                Conj/Fire      0%         6d3       100%        6


Dungeon Overview and Level Annotations

Branches:
Dungeon (3/15)

Altars:

Shops:
D:3 :


Innate Abilities, Weirdness & Mutations

You cannot wear most types of armour.
You are amphibious.
You can wear up to eight rings at the same time.
Your skin changes colour to match your surroundings (Stealth+).
Your rubbery body absorbs attacks. (AC +1, EV +1)
((You are camouflaged when in or above water. (Stealth+)))
You have tentacles for arms and can constrict up to eight enemies at once.


Message History

It was a scroll of blinking.
You feel sick. Something hits your butterfly.
Your butterfly dies!
Your butterfly disappears in a burst of colours!
The adder closely misses your butterfly.
You feel sick.
You feel sick. The quokka misses your butterfly.
The adder bites your butterfly.
Your butterfly dies!
Your butterfly disappears in a burst of colours!
You feel sick.
You feel sick. The adder bites your butterfly.
Your butterfly dies!
Your butterfly disappears in a burst of colours!
You feel sick.
You are no longer poisoned.
The quokka bites your butterfly.
Your butterfly dies!
Your butterfly disappears in a burst of colours!
Found a ring mail.
An adder comes into view.
The adder moves out of view.
You swap places.
As you read the scroll labelled HIUT KAUSSOUNE, it crumbles to dust.
Magic quickly surges around you.
It was a scroll of vulnerability.
The quokka completely misses you.
As you read the scroll labelled TOSOYG DINTEN, it crumbles to dust.
It is a scroll of brand weapon.
Your +0 shortbow craves living souls!
a - a +0 shortbow of draining (weapon)
The quokka misses you. The adder barely misses you.
The adder bites you but does no damage.
You shoot an arrow. The arrow hits the adder.
You kill the adder!
The quokka closely misses you. The adder barely misses you.
The gnoll hits you with a +0 whip.
* * * LOW HITPOINT WARNING * * *
You shoot an arrow. The arrow hits the gnoll!
You drain the gnoll.
You kill the gnoll!
The adder barely misses you. The quokka bites you.
You die...

#....S..#
#....####
####.##......
#........####
#.........# ##.
#.......#......
#.......##.....
#...b..r)..##
#......@####
#...b..S##
###......#
#......#
#......#
######... .[..
....# ....#


You could see an adder (weak-willed) and a quokka (weak-willed).

Vanquished Creatures
  Natasha (thrice) (D:2)
  2 gnolls (D:3)
  3 adders
  4 ball pythons (D:1)
  3 bats
  5 endoplasms
  A giant cockroach (D:2)
  4 hobgoblins
  4 kobolds
  A quokka (D:2)
  2 frilled lizards
  A goblin (D:1)
33 creatures vanquished.

Notes
Turn   | Place    | Note
-------+----------+-------------------------------------------
     0 | D:1      | Moral the Octopode Hunter began the quest for the Orb.
     0 | D:1      | Reached XP level 1. HP: 14/14 MP: 1/1
   353 | D:1      | Reached XP level 2. HP: 10/19 MP: 2/2
   999 | D:2      | Reached XP level 3. HP: 25/25 MP: 3/3
  1041 | D:2      | Noticed Natasha
  1051 | D:2      | Killed Natasha
  1213 | D:2      | Reached XP level 4. HP: 31/31 MP: 4/4
  1382 | D:2      | Noticed Natasha
  1388 | D:2      | Killed Natasha
  1607 | D:2      | Noticed Natasha
  1616 | D:2      | Killed Natasha
  1617 | D:2      | Reached XP level 5. HP: 20/36 MP: 3/5
  1707 | D:3      | Found Azuwnu's Book Boutique.
  1781 | D:3      | Slain by a quokka

Illustrated notes

Levels and vault maps discovered:
D:1:      giann_wishing_wells, layout_basic
D:2:      layout_loops_cross, uniq_natasha
D:3:      layout_rooms, nicolae_uskayaw_en_pointe,
          mainiacjoe_overflow_boulevard, overflow_temple_1_default,
          serial_shops, shop, uniq_sigmund

Skill      XL: |  1  2  3  4 |
---------------+-------------+-----
Stealth        | 2 3 4 |  4.2
Fighting       | 3 |  3.5
Ranged Weapons | |  4.4
Dodging        | |  2.7

Action                     |  1- 3 |  4- 6 || total
---------------------------+-------+-------++-------
   Fire: Shortbow          |    71 |    49 ||   120
    Use: Scroll            |       |     4 ||     4
 Armour: Skin              |     3 |     5 ||     8
  Dodge: Dodged            |    13 |    29 ||    42

Table legend: (Time is in decaauts)
 A = Elapsed time spent in this place.
 B = Non-inter-level travel time spent in this place.
 C = Inter-level travel time spent in this place.
 D = Time resting spent in this place.
 E = Time spent auto-exploring this place.
 F = Levels seen in this place.
 G = Mean time per level.
                   A        B        C        D        E       F      G
               +--------+--------+--------+--------+--------+-----+--------+
         Total |   1803 |   1729 |     74 |    159 |   1337 |   3 |  601.0 |
       Dungeon |   1803 |   1729 |     74 |    159 |   1337 |   3 |  601.0 |
               +--------+--------+--------+--------+--------+-----+--------+

Top non-repeatable levels by time:
     D:2: 907 daAuts
     D:1: 861 daAuts
     D:3: 34 daAuts
